 Dungeon Crawl Stone Soup version 0.30-a0-465-g8901f6c8b5 (webtiles) character file.

Game seed: 17087821991106752223

4851 spardeous the Spry (level 10, -18/49 HPs)
             Began as a Felid Transmuter on Dec 17, 2022.
             Was an Initiate of Gozag.
             Killed from afar by a salamander mystic (28 damage)
             ... with a lance of force
             ... in a volcano.
             The game lasted 00:53:30 (17736 turns).

spardeous the Spry (Felid Transmuter)              Turns: 17736, Time: 00:53:32

Health: -18/49     AC:  2    Str:  6    XL:     10   Next: 25%
Magic:  0/18       EV: 44    Int: 17    God:    Gozag
Gold:   1899       SH:  0    Dex: 30    Spells: 9/19 levels left
                                        Lives:  0   Deaths: 2

rFire   + . .      SeeInvis +      - Unarmed
rCold   . . .      Faith    .    (shield unavailable)
rNeg    . . .      Spirit   +    (body armour unavailable)
rPois   x          Reflect  .    (helmet unavailable)
rElec   .          Harm     .    (cloak unavailable)
rCorr   .          Rampage  .    (gloves unavailable)
Will    +....                    (boots unavailable)
Stlth   ++++......               g - amulet of guardian spirit
HPRegen 0.28/turn                H - +6 ring of dexterity
MPRegen 0.16/turn                d - ring of protection from fire

@: spider-form
A: venomous fangs, tiny, (claws 1), (fangs 3), see invisible, (speed 1), (shaggy
fur 3), (stealthy paws), no weapons or thrown items, no armour, multi-lived,
(horns 1), (iridescent scales 1)
a: End Transformation, Renounce Religion, Potion Petition, Call Merchant, Bribe
Branch


You were in a volcano.
You worshipped Gozag.
Gozag was most pleased with you.
You were a venomous arachnid creature.
You visited 3 branches of the dungeon, and saw 13 of its levels.
You also visited: Ossuary and Volcano.

You collected 2290 gold pieces.
You spent 252 gold pieces at shops.
You paid 139 gold pieces to Gozag.

Inventory:

Jewellery
 d - a ring of protection from fire (right front leg)
 g - an amulet of guardian spirit (around neck)
 u - a ring of positive energy
 v - a +6 ring of strength
 A - a ring of poison resistance
 H - a +6 ring of dexterity (left front leg)
 J - a +6 ring of strength
Wands
 m - a wand of polymorph (5)
 G - a wand of roots (12)
Scrolls
 f - 3 scrolls of blinking {unknown}
 h - 6 scrolls of teleportation {unknown}
 l - 5 scrolls of amnesia {unknown}
 n - a scroll of silence
 p - a scroll of enchant weapon {unknown}
 s - 6 scrolls of vulnerability {unknown}
 x - 4 scrolls of noise {unknown}
 y - 2 scrolls of magic mapping {unknown}
 B - 5 scrolls of enchant armour {unknown}
 C - 2 scrolls of brand weapon {unknown}
 I - 3 scrolls of immolation
Potions
 a - 5 potions of lignification
 b - a potion of might
 c - 3 potions of berserk rage
 e - 4 potions of curing
 i - 2 potions of magic {unknown}
 j - 6 potions of flight
 k - 4 potions of degeneration
 o - a potion of cancellation
 q - a potion of haste
 z - 2 potions of attraction
 D - 2 potions of brilliance
 E - 2 potions of invisibility


   Skills:
 + Level 9.0 Fighting
 - Level 16.0 Dodging
 - Level 6.0 Stealth
 - Level 8.7 Unarmed Combat
 - Level 5.0 Spellcasting
 - Level 9.1 Transmutations


You had 9 spell levels left.
You knew the following spells:

 Your Spells              Type           Power      Damage    Failure   Level
a - Beastly Appendage     Tmut           70%        N/A       3%          1
b - Spider Form           Tmut/Pois      19%        N/A       19%         3
c - Ice Form              Ice/Tmut       19%        N/A       43%         4
d - Call Imp              Summ           4%         N/A       43%         2

Your spell library contained the following spells:

 Spells                   Type           Power      Damage    Failure   Level
 Wereblood                Tmut           35%        N/A       3%          2
 Freeze                   Ice            16%        1d4       32%         1
 Magic Dart               Conj           16%        1d3       32%         1
 Necrotise                Necr           16%        1d4       32%         1
 Summon Small Mammal      Summ           16%        N/A       32%         1
 Searing Ray              Conj           8%         2d4       43%         2
 Call Canine Familiar     Summ           4%         N/A       61%         3
 Frozen Ramparts          Ice            8%         1d2       61%         3
 Hailstorm                Conj/Ice       4%         3d4       61%         3
 Mephitic Cloud           Conj/Pois/Air  4%         N/A       61%         3
 Summon Guardian Golem    Hex/Summ       4%         N/A       61%         3
 Vampiric Draining        Necr           4%         2d6       61%         3
 Fulminant Prism          Conj/Hex       2%         3d5       92%         4
 Agony                    Necr           4%         N/A       99%         5


Dungeon Overview and Level Annotations

Branches:
Dungeon (11/15)            Temple (1/1) D:7            Lair (1/5) D:11
    Orc (0/2) D:10        Ossuary (visited)         Volcano (1/1)

Altars:
Ashenzari
Cheibriados
Dithmenos
Elyvilon
Fedhas
Gozag
Hepliaklqana
Kikubaaqudgha
Makhleb
Nemelex Xobeh
Okawaru
Qazlal
Ru
Sif Muna
Trog
Uskayaw
Vehumet
Wu Jian
Xom
Yredelemnul
Zin
The Shining One

Shops:
D:2 !   D:11 (

Annotations:
D:6 lotum's ghost, novice HOFi


Innate Abilities, Weirdness & Mutations

You are a venomous arachnid creature.
You have poisonous fangs.
You are tiny and dextrous.
Your spellcasting is less reliable in this form.
((You have sharp claws.))
((You have razor-sharp teeth.))
You have supernaturally acute eyesight. (SInv)
((You cover ground quickly. (Speed+)))
((Your thick and shaggy fur keeps you warm. (AC +3, rC+)))
((Your paws help you pounce on unaware monsters.))
You are incapable of wielding weapons or throwing items.
You cannot wear armour.
You gain extra lives every three experience levels.
((You have a pair of small horns on your head.))
((You are partially covered in iridescent scales. (AC +2)))


Message History

Your hell hound is knocked back by the lance of force.
Your hell hound collides with the salamander!
The salamander is lightly wounded.
Your hell hound dies!
Your hell hound's corpse dissolves into shadows!
The salamander completely misses you.
Your hell hound bites the salamander.
The salamander completely misses you.
The salamander hits you from afar with a +4 halberd of freezing!
You are engulfed in flames.
You resist. The salamander freezes you.
* * * LOW HITPOINT WARNING * * *
The salamander mystic attacks as you move away!
The salamander mystic misses you.
Your hell hound barely misses the salamander.
Your hell hound bites the salamander!
Your hell hound bites the salamander but does no damage.
The salamander completely misses you.
You hit the salamander.
The salamander is moderately wounded.
Your hell hound bites the salamander!
Your hell hound closely misses the salamander.
Your hell hound barely misses the salamander.
The salamander mystic completely misses you.
The salamander completely misses you.
Your hell hound barely misses the salamander.
Your hell hound bites the salamander!
Your hell hound bites the salamander but does no damage.
Your hell hound bites the salamander!
The salamander barely misses you.
You bite the salamander mystic!
The salamander mystic looks as sick as possible!
The salamander mystic is almost dead.
The salamander hits something with a +4 halberd of freezing!!
Something is engulfed in flames.
The salamander freezes something.
Your hell hound bites the salamander. x2
Your hell hound closely misses the salamander.
Your hell hound barely misses the salamander.
The salamander mystic gestures at you while chanting.
The lance of force hits you!!
Ouch! That really hurt!
You die...
Your body crumbles into a pile of gold.

)..§≈§.≈.≈........#####∩§![$#
..≈≈≈§≈≈§≈≈.....### §§§..≈#
..°≈§§≈≈§≈§§§...).# #§§.§≈#
°.≈≈≈§≈≈≈≈§§§....## #§≈☼##
.°°§≈≈§≈≈≈§≈≈.....# #☼§#
.°..≈≈≈≈≈§≈≈.hh..## ☼##
#°°.§≈§≈.≈§§.NN### #
#.............#N##
#...##..###..###s# #.#######
#### ##N≈≈≈≈# ##. hh§≈§# #
...≈§§# ..≈≈≈§# .∩.≈≈≈#
..≈≈§## .§≈§≈#


You could see a salamander mystic (extremely poisoned, ally target), 3
salamanders and 4 friendly hell hounds.

Vanquished Creatures
  A catoblepas (Lair:1)
  A two-headed ogre (D:11)
  A centaur warrior (D:11)
  A boulder beetle (D:11)
  3 death yaks (D:11)
  2 salamanders (Volcano)
  A manticore (D:11)
  Maurice (D:8)
  3 cane toads (Lair:1)
  Psyche (D:8)
  2 trolls
  A hornet (D:9)
  Grinder (D:5)
  3 blink frogs (Lair:1)
  A shadow (D:11)
  22 yaks
  A wyvern (D:10)
  2 wraiths
  3 vampire mosquitoes (D:11)
  Menkaure (D:6)
  An acid dragon (D:10)
  4 orc warriors
  2 black bears
  3 centaurs
  3 ogres
  A phantom (D:5)
  4 kobold brigands
  7 bullfrogs
  3 necrophages
  6 scorpions
  8 wights
  6 killer bees (D:7)
  4 jellies
  7 howler monkeys
  A centaur zombie (Ossuary)
  4 hounds
  3 gnoll boudas
  11 orc priests
  Terence (D:3)
  4 hell rats (D:11)
  10 orc wizards
  2 mummies (Ossuary)
  7 adders
  17 gnolls
  2 river rats (D:11)
  A shadow imp (D:6)
  A white imp (D:7)
  An ufetubus (D:7)
  An adder zombie (Ossuary)
  A worm (D:3)
  3 dart slugs
  45 orcs
  3 ball pythons
  4 bats
  2 endoplasms
  A giant cockroach (D:3)
  8 hobgoblins
  8 jackals
  22 kobolds
  4 quokkas
  3 frilled lizards
  5 goblins
  4 goblin zombies (Ossuary)
  12 hobgoblin zombies (Ossuary)
  A jackal zombie (Ossuary)
  8 kobold zombies (Ossuary)
  8 orc zombies (Ossuary)
  7 rats
  2 rat zombies (Ossuary)
328 creatures vanquished.

Vanquished Creatures (others)
  2 fungi (Lair:1)
2 creatures vanquished.

Grand Total: 330 creatures vanquished

Notes
Turn   | Place    | Note
-------+----------+-------------------------------------------
     0 | D:1      | spardeous the Felid Transmuter began the quest for the Orb.
     0 | D:1      | Reached XP level 1. HP: 9/9 MP: 4/4
   171 | D:1      | Reached skill level 3 in Dodging
   260 | D:1      | Reached XP level 2. HP: 12/12 MP: 4/6
   821 | D:1      | Reached XP level 3. HP: 13/15 MP: 5/7
   984 | D:2      | Found Uvuirph's Distillery.
  1047 | D:2      | Reached skill level 4 in Dodging
  1462 | D:2      | Reached XP level 4. HP: 15/19 MP: 6/8
  1522 | D:2      | Bought a potion of curing for 36 gold pieces
  1813 | D:3      | Noticed Terence
  1902 | D:3      | Killed Terence
  1962 | D:3      | Reached skill level 5 in Dodging
  2328 | D:2      | Learned a level 3 spell: Spider Form
  2446 | D:2      | Reached XP level 5. HP: 18/22 MP: 9/9
  2593 | D:3      | Found a white marble altar of Elyvilon.
  2593 | D:3      | Found a shimmering altar of Xom.
  2601 | D:3      | Found a stormy altar of Qazlal.
  2603 | D:3      | Found a faded altar of an unknown god.
  2605 | D:3      | Found a shadowy altar of Dithmenos.
  2891 | D:4      | Reached skill level 5 in Unarmed Combat
  2948 | D:4      | Found a broken altar of Ashenzari.
  3124 | D:4      | Gained mutation: You are covered in thick fur. (AC +2)
                  | [Felid growth]
  3124 | D:4      | Reached XP level 6. HP: 27/27 MP: 7/10
  3529 | D:4      | Found a sparkling altar of Nemelex Xobeh.
  3885 | D:5      | Entered Level 5 of the Dungeon
  4057 | D:5      | Noticed Grinder
  4060 | D:5      | Paralysed by Grinder for 3 turns
  4218 | D:5      | Found a sand-covered staircase.
  4226 | Ossuary  | Entered an ossuary
  4528 | Ossuary  | Reached XP level 7. HP: 33/33 MP: 9/11
  4710 | D:5      | Reached skill level 5 in Fighting
  5160 | D:4      | Learned a level 4 spell: Ice Form
  5165 | D:5      | Paralysed by Grinder for 3 turns
  5174 | D:5      | Paralysed by Grinder for 2 turns
  5177 | D:5      | Killed Grinder
  5178 | D:5      | Reached skill level 5 in Transmutations
  5178 | D:5      | Reached XP level 8. HP: 31/38 MP: 7/12
  6323 | D:6      | Identified the +6 rapier of the Bespelled God {drain,
                  | +Blink}
  6573 | D:6      | Noticed Menkaure
  6646 | D:6      | Killed Menkaure
  6647 | D:6      | Reached skill level 6 in Dodging
  6647 | D:6      | Reached XP level 9. HP: 32/41 MP: 5/13
  7108 | D:6      | Found a runed translucent door.
  7111 | D:6      | Noticed lotum's ghost (novice HOFi)
  7111 | D:6      | Noticed a boulder beetle
  7318 | D:6      | Reached skill level 7 in Dodging
  8065 | D:7      | Reached skill level 5 in Stealth
  8466 | D:7      | Found a staircase to the Ecumenical Temple.
  8475 | Temple   | Entered the Ecumenical Temple
  8483 | Temple   | Became a worshipper of Gozag Ym Sagoz the Greedy
  8507 | D:7      | Reached skill level 8 in Dodging
  9227 | D:2      | Bought a potion of invisibility for 96 gold pieces
  9227 | D:2      | Bought a potion of heal wounds for 60 gold pieces
  9227 | D:2      | Bought a potion of heal wounds for 60 gold pieces
  9236 | D:2      | Gained mutation: You have a pair of small horns on your
                  | head. [potion of mutation]
  9236 | D:2      | Gained mutation: You are partially covered in iridescent
                  | scales. (AC +2) [potion of mutation]
  9399 | D:8      | Noticed Psyche
  9409 | D:8      | Killed Psyche
  9410 | D:8      | Reached skill level 9 in Dodging
  9602 | D:8      | Found a hide-covered altar of Uskayaw.
  9960 | D:8      | Noticed Maurice
 10291 | D:8      | Killed Maurice
 10292 | D:8      | Reached XP level 10. HP: 44/45 MP: 12/18
 10981 | D:5      | Learned a level 2 spell: Call Imp
 11268 | D:8      | Reached skill level 10 in Dodging
 11274 | D:8      | Reached skill level 5 in Spellcasting
 11585 | D:9      | Reached skill level 11 in Dodging
 11841 | D:9      | Identified the +1 chain mail of Limited Liability {Int+5
                  | Stlth-}
 12128 | D:9      | Reached skill level 12 in Dodging
 12436 | D:10     | Entered Level 10 of the Dungeon
 12620 | D:10     | Reached skill level 13 in Dodging
 12816 | D:10     | Reached skill level 14 in Dodging
 13334 | D:10     | Reached XP level 11. HP: 28/48 MP: 8/19
 13459 | D:10     | Found a staircase to the Orcish Mines.
 13692 | D:10     | Identified the +2 quarterstaff of the Ninety-Nine Scars
                  | {elec, rF++}
 13973 | D:11     | Reached skill level 15 in Dodging
 14112 | D:11     | Noticed a death yak
 14134 | D:11     | Noticed a death yak
 14154 | D:11     | Noticed a death yak
 14157 | D:11     | Noticed a boulder beetle
 14562 | D:11     | Found a staircase to the Lair.
 14635 | D:11     | Found Caretol's Firing Range.
 14804 | D:11     | Killed a death yak
 15030 | D:11     | Reached skill level 16 in Dodging
 15302 | D:11     | HP: 1/48 [death yak (11)]
 15351 | D:11     | Killed a death yak
 15489 | D:11     | Killed a death yak
 15723 | D:11     | Killed a boulder beetle
 15816 | D:11     | Noticed a centaur warrior
 15820 | D:11     | Noticed a two-headed ogre
 16066 | D:11     | Killed a centaur warrior
 16162 | D:11     | Killed a two-headed ogre
 16668 | Lair:1   | Entered Level 1 of the Lair of Beasts
 16953 | Lair:1   | Gained mutation: Your thick and shaggy fur keeps you warm.
                  | (AC +3, rC+) [Felid growth]
 16953 | Lair:1   | Reached XP level 12. HP: 50/55 MP: 10/20
 17110 | Lair:1   | Noticed a catoblepas
 17352 | Lair:1   | HP: 1/55 [catoblepas (10)]
 17357 | Lair:1   | Slain by a catoblepas
 17358 | Lair:1   | Reached XP level 11. HP: -1/51 MP: 0/19
 17398 | Lair:1   | Killed a catoblepas
 17436 | Lair:1   | Found a dark tunnel.
 17443 | Volcano  | Entered a volcano
 17480 | Volcano  | Noticed a red draconian
 17661 | Volcano  | HP: 2/52 [red draconian/+1 flail of flaming (1)]
 17662 | Volcano  | Mangled by a red draconian
 17663 | Volcano  | Reached XP level 10. HP: -10/49 MP: 0/18
 17693 | Volcano  | Killed a salamander
 17704 | Volcano  | Noticed a salamander mystic
 17713 | Volcano  | Noticed a salamander
 17713 | Volcano  | Noticed a salamander
 17728 | Volcano  | Noticed a salamander
 17736 | Volcano  | Killed from afar by a salamander mystic

Illustrated notes

Levels and vault maps discovered:
D:1:      dpeg_arrival_water_temple_mockup, layout_loops_ring,
          dk_noncrumbling_4, nrook_loot_triangle, chequers_decorated_corner
D:2:      layout_rooms, serial_shops, shop, guppyfry_early_orc_mine
D:3:      layout_rooms, chequers_temple_overflow_minitemple, uniq_terence
D:4:      layout_cave_pools, mainiacjoe_overflow_catwalk,
          nemelex_spade_bored_becter, serial_co_window_serial,
          co_window_of_opportunity_a, co_window_paths_a, co_window_corner_a,
          co_window_corner_a, co_window_paths_a, co_window_corner_a,
          co_window_paths_a, co_window_paths_c, co_window_broadway_a,
          co_window_corner_ca, co_window_corner_b, co_window_4corner_a,
          glass_columns_a, glass_columns_a, glass_columns_a, glass_columns_a,
          glass_columns_a
D:5:      layout_basic, chequers_ossuary_entry_cave, uniq_grinder
D:6:      nicolae_cairo_tiling_large_dashed, layout_gridville,
          ebering_ghost_inner_flame, uniq_menkaure
D:7:      layout_basic, minmay_temple_entry_waves
D:8:      layout_basic, lemuel_crystal_altar, kennysheep_dice, uniq_maurice,
          uniq_psyche
D:9:      nicolae_BIG_FREAKIN_CUBE, layout_loops_cross
D:10:     layout_loops_ring, hiddenorc1_lemuel
D:11:     layout_basic, dpeg_lair_monsters, nicolae_shop_firing_range
Temple:   nicolae_temple_no_exploring_needed
Lair:1:   layout_roguey, lightli_volcano_entry_magma_tube, grunt_megastairs_1
Volcano:  volcano_pools

Skill      XL: |  1  2  3  4  5  6  7  8  9 10 11 12 |
---------------+-------------------------------------+-----
Dodging        | 3 4 5 6 9 14 16 | 16.0
Unarmed Combat | 4 5 8 |  8.7
Transmutations | 3 5 9 |  9.1
Fighting       | 2 4 6 9 7 8 |  9.0
Stealth        | 2 6 |  6.0
Spellcasting   | 4 5 |  5.0

Action                   |  1- 3 |  4- 6 |  7- 9 | 10-12 || total
-------------------------+-------+-------+-------+-------++-------
Melee: Unarmed           |    96 |   221 |   407 |   690 ||  1414
       Bite              |     8 |    25 |    23 |     5 ||    61
       Headbutt          |    11 |    36 |    42 |     7 ||    96
       Punch             |     2 |     4 |     8 |     2 ||    16
 Cast: Beastly Appendage |    30 |    48 |    29 |       ||   107
       Spider Form       |       |     6 |    34 |    75 ||   115
       Ice Form          |       |       |     3 |     1 ||     4
       Call Imp          |       |       |       |     3 ||     3
 Abil: End Transformatio |       |       |       |     6 ||     6
Evoke: Wand              |       |       |       |     1 ||     1
  Use: Potion            |       |       |     4 |     7 ||    11
       Scroll            |       |       |     9 |     6 ||    15
 Stab: Sleeping          |     2 |     4 |     2 |     4 ||    12
       Distracted        |       |       |     1 |     8 ||     9
Armor: Skin              |     4 |    16 |    21 |     5 ||    46
Dodge: Dodged            |    79 |   154 |   338 |   795 ||  1366

Table legend: (Time is in decaauts)
 A = Elapsed time spent in this place.
 B = Non-inter-level travel time spent in this place.
 C = Inter-level travel time spent in this place.
 D = Time resting spent in this place.
 E = Time spent auto-exploring this place.
 F = Levels seen in this place.
 G = Mean time per level.
                   A        B        C        D        E       F      G
               +--------+--------+--------+--------+--------+-----+--------+
         Total |  15741 |  14124 |   1617 |   2097 |   7092 |  15 | 1049.4 |
       Dungeon |  14445 |  12963 |   1482 |   2097 |   6880 |  11 | 1313.2 |
        Temple |     16 |      8 |      8 |      0 |      0 |   1 |   16.0 |
          Lair |    653 |    527 |    126 |      0 |      0 |   1 |  653.0 |
       Ossuary |    353 |    353 |      0 |      0 |    183 |   1 |  353.0 |
       Volcano |    272 |    272 |      0 |      0 |     28 |   1 |  272.0 |
               +--------+--------+--------+--------+--------+-----+--------+

Top non-repeatable levels by time:
     D:5: 1847 daAuts
    D:10: 1846 daAuts
    D:11: 1690 daAuts
     D:6: 1651 daAuts
     D:8: 1444 daAuts
     D:7: 1364 daAuts
     D:4: 1021 daAuts
     D:2: 993 daAuts
     D:1: 976 daAuts
     D:9: 908 daAuts
     D:3: 702 daAuts
  Lair:1: 653 daAuts
 Ossuary: 353 daAuts
 Volcano: 272 daAuts
  Temple: 16 daAuts
